 Dungeon Crawl Stone Soup version 0.29.1-15-g9cfb28693d (webtiles) character file.

Game seed: 16642334139236626910

74 vishdafish the Conjurer (level 4, 30/30 HPs)
             Began as a Demonspawn Conjurer on Mar 29, 2023.
             Quit the game on level 3 of the Dungeon.
             The game lasted 00:02:06 (2303 turns).

vishdafish the Conjurer (Demonspawn Conjurer)       Turns: 2303, Time: 00:02:06

Health: 30/30      AC:  2    Str:  8    XL:     4   Next: 9%
Magic:  8/8        EV: 12    Int: 21    God:
Gold:   170        SH:  0    Dex: 11    Spells: 8/9 levels left

rFire   . . .      SeeInvis .   q - +0 long sword
rCold   . . .      Faith    .   (no shield)
rNeg    . . .      Spirit   .   a - +0 robe
rPois   .          Reflect  .   (helmet restricted)
rElec   .          Harm     .   (no cloak)
rCorr   .          Rampage  .   (no gloves)
Will    .....                   (no boots)
Stlth   ++........              (no amulet)
HPRegen 0.10/turn               (no ring)
MPRegen 0.22/turn               (no ring)

@: no status effects
A: antennae 1, magic regeneration, demonic magic 1
a: no special abilities


You were on level 3 of the Dungeon.
You visited 1 branch of the dungeon, and saw 3 of its levels.

You collected 170 gold pieces.

Inventory:

Hand Weapons
 k - a +0 dagger
 q - a +0 long sword (weapon)
Armour
 a - a +0 robe (worn)
Wands
 s - a wand of light (4)
Scrolls
 b - 2 scrolls of immolation {unknown}
 d - 2 scrolls of magic mapping {unknown}
 g - a scroll of teleportation {unknown}
 i - a scroll of blinking {unknown}
 j - 2 scrolls of amnesia {unknown}
 m - a scroll of enchant weapon {unknown}
 p - a scroll of identify {unknown}
 r - a scroll of enchant armour {unknown}
Potions
 c - a potion of flight {unknown}
 e - 2 potions of invisibility {unknown}
 f - a potion of cancellation {unknown}
 h - a potion of mutation {unknown}
 l - a potion of haste {unknown}
 n - 2 potions of resistance {unknown}
 o - a potion of magic


   Skills:
 - Level 1.7 Dodging
 - Level 1.8 Stealth
 + Level 3.2 Spellcasting
 + Level 4.9 Conjurations


You had 8 spell levels left.
You knew the following spells:

 Your Spells              Type           Power      Damage    Failure   Level
a - Magic Dart            Conj           96%        1d7       1%          1

Your spell library contained the following spells:

 Spells                   Type           Power      Damage    Failure   Level
 Searing Ray              Conj           48%        2d6       2%          2
 Dazzling Flash           Conj/Hex       26%        N/A       14%         3
 Fulminant Prism          Conj/Hex       6%         3d7       43%         4
 Iskenderun's Mystic Bla  Conj/Tloc      13%        2d5       43%         4


Dungeon Overview and Level Annotations

Branches:
Dungeon (3/15)

Altars:


Innate Abilities, Weirdness & Mutations

You have a pair of small antennae on your head.
You regenerate magic rapidly.
Spells you cast may paralyse adjacent enemies.


Message History

You now have 117 gold pieces (gained 13).
Done exploring.
Done exploring.
Done exploring.
Done exploring.
(D) Dungeon
Where to? (Enter - D:2 @ (x,y), ? - help)
There is a stone staircase leading down here.
You climb downwards.
Found 17 gold pieces and 7 stones.
There is a stone staircase leading up here.
You can't see any susceptible monsters within range! (Use Z to cast anyway.)
You can't see any susceptible monsters within range! (Use Z to cast anyway.)
You now have 127 gold pieces (gained 10).
You now have 134 gold pieces (gained 7).
Found 4 stones.
You now have 152 gold pieces (gained 18).
You see here 7 stones.
Found a flail and 4 stones.
You now have 157 gold pieces (gained 5).
An adder comes into view.
An adder is nearby!
An adder is nearby!
The magic dart hits the adder!
The adder is severely wounded.
The adder hisses angrily.
The magic dart hits the adder.
The adder is almost dead.
The magic dart hits the adder.
You kill the adder!
You have reached level 4!
You feel stronger.
Your demonic ancestry asserts itself...
A menacing aura infuses your magic.
Magic restored.
Found a stone staircase leading down.
r - a scroll labelled FOHAJU ZOWNAS
b - 2 scrolls labelled IXZUCOEPRO (gained 1)
You now have 170 gold pieces (gained 13).
s - a wand of light (4) Are you sure you want to abandon this character and quit the game? (Confirm with "yes".)

##### ##...## ##.....## #.......#
#@......# # #.......##########
#.. ##................
#...############.......##########
#...#.........##.......# #...#
#...#.........##.......######...#
#............<.................#
##............##.....########....
#..............#.##### #.....


There were no monsters in sight!

Vanquished Creatures
  3 adders
  7 endoplasms
  2 giant cockroaches (D:1)
  A goblin (D:1)
  8 hobgoblins
  2 jackals (D:2)
  2 kobolds (D:2)
  3 quokkas (D:1)
  3 ball pythons
  2 bats
  3 frilled lizards
  6 rats
42 creatures vanquished.

Notes
Turn   | Place    | Note
-------+----------+-------------------------------------------
     0 | D:1      | vishdafish the Demonspawn Conjurer began the quest for the
                  | Orb.
     0 | D:1      | Reached XP level 1. HP: 13/13 MP: 3/3
   560 | D:1      | Gained mutation: You have a pair of small antennae on your
                  | head. [demonic ancestry]
   560 | D:1      | Reached XP level 2. HP: 16/19 MP: 0/5
  1444 | D:1      | Found a faded altar of an unknown god.
  1499 | D:2      | Gained mutation: You regenerate magic rapidly. [demonic
                  | ancestry]
  1499 | D:2      | Reached XP level 3. HP: 24/24 MP: 2/7
  2225 | D:3      | Gained mutation: Spells you cast may paralyse adjacent
                  | enemies. [demonic ancestry]
  2225 | D:3      | Reached XP level 4. HP: 30/30 MP: 4/8
  2303 | D:3      | Quit the game

Illustrated notes

Levels and vault maps discovered:
D:1:      minmay_arrival_split_and_join, layout_basic,
          hellmonk_ecumenical_altar_inner_sanctum, minmay_misc_feat_encased,
          interstate_on_off
D:2:      layout_rooms, serial_corexii_hall, chequers_hall_statues_corner_a,
          chequers_hall_statues_y
D:3:      layout_rooms, gammafunk_ghost_grave

Skill      XL: |  1  2  3 |
---------------+----------+-----
Spellcasting   | 3 |  3.2
Dodging        | |  1.7
Stealth        | |  1.8
Conjurations   | |  4.9

Action                   |  1- 3 |  4- 6 || total
-------------------------+-------+-------++-------
Melee: Unarmed           |     9 |       ||     9
       Dagger            |     2 |       ||     2
 Cast: Magic Dart        |    81 |       ||    81
  Use: Potion            |     1 |       ||     1
Armor: Robe              |     3 |       ||     3
Dodge: Dodged            |     8 |       ||     8
